[Event "16th Deltalift Open 2019"]
[Site "Halmstad"]
[Date "2019.05.31"]
[Round "5.2"]
[White "Brynell, Stellan"]
[Black "Seo, Jung Min"]
[Result "1/2-1/2"]
[ECO "A81"]
[WhiteElo "2406"]
[BlackElo "2377"]
[Annotator "RC"]
[PlyCount "72"]
[EventDate "2019.05.30"]
[EventType "swiss"]
[EventCountry "SWE"]
[SourceTitle "playchess.com"]
[Source "ChessBase"]
[SourceQuality "1"]
[TimeControl "40/5400+30:1800+30"]

1. d4 f5 2. g3 Nf6 3. Bg2 g6 4. Nf3 Bg7 5. O-O O-O 6. Nbd2 d6 7. Re1 Nc6 8. e4 fxe4 9. Nxe4 Nxe4 10. Rxe4 d5 11. Rh4 Bf6 12. Ng5 Re8 13. Rh6 Bxg5 14. Bxg5 Be6 15. Qd2 Qd7 16. Re1 Nd8 17. Bf4 Nf7 18. Bxc7 Nxh6 19. Qxh6 Qxc7 20. Rxe6 Rad8 21. Qg5 Rd6 22. Qe5 Rd7 23. Bxd5 Qxe5 24. Rxe5+ Kg7 25. c3 Rc7 26. Bb3 Rf8 27. f4 Rf5 28. Kf2 Rxe5 29. fxe5 Rc8 30. Ke3 Rf8 31. Bc4 g5 32. h3 h5 33. Be2 Kg6 34. Bd3+ Kg7 35. Be2 Kg6 36. Bd3+ Kg7 1/2-1/2

[Event "16th Deltalift Open 2019"]
[Site "Halmstad"]
[Date "2019.05.31"]
[Round "5.3"]
[White "Malmstig, Erik"]
[Black "Jepson, Christian"]
[Result "1-0"]
[ECO "B07"]
[WhiteElo "2352"]
[BlackElo "2395"]
[Annotator "RC"]
[PlyCount "53"]
[EventDate "2019.05.30"]
[EventType "swiss"]
[EventCountry "SWE"]
[SourceTitle "playchess.com"]
[Source "ChessBase"]
[SourceQuality "1"]
[TimeControl "40/5400+30:1800+30"]

1. e4 d6 2. d4 Nf6 3. Nc3 g6 4. h4 Bg7 5. Be2 c5 6. d5 h5 7. Nh3 Na6 8. Ng5 Nc7 9. Bf4 Ng4 10. Qd2 a6 11. a4 Bd7 12. a5 Rb8 13. Na4 Bb5 14. O-O Na8 15. c4 Bd7 16. Bg3 Qc8 17. Bxg4 hxg4 18. e5 dxe5 19. d6 Bxa4 20. Rfe1 O-O 21. dxe7 Re8 22. Bxe5 Bxe5 23. Rxe5 Qc7 24. Rae1 Bc6 25. h5 Kg7 26. hxg6 Rh8 27. gxf7 1-0

[Event "16th Deltalift Open 2019"]
[Site "Halmstad"]
[Date "2019.05.31"]
[Round "5.6"]
[White "Hansen, Lars Bo"]
[Black "Sjodahl, Pontus"]
[Result "0-1"]
[ECO "A45"]
[WhiteElo "2560"]
[BlackElo "2435"]
[Annotator "RC"]
[PlyCount "60"]
[EventDate "2019.05.30"]
[EventType "swiss"]
[EventCountry "SWE"]
[SourceTitle "playchess.com"]
[Source "ChessBase"]
[SourceQuality "1"]
[TimeControl "40/5400+30:1800+30"]

1. d4 Nf6 2. Bg5 d5 3. Bxf6 gxf6 4. Nc3 c5 5. e3 Nc6 6. Qh5 cxd4 7. exd4 e6 8. Nf3 Bb4 9. Bd3 Qa5 10. O-O Bxc3 11. bxc3 Qxc3 12. Qh4 Ke7 13. Rab1 Qa3 14. Ne5 Qd6 15. f4 h5 16. c3 Qd8 17. f5 Kf8 18. fxe6 fxe5 19. Rxf7+ Ke8 20. Rf8+ Rxf8 21. Bg6+ Rf7 22. Bxf7+ Kf8 23. Qxh5 exd4 24. Re1 Qf6 25. Rf1 Qe5 26. Be8+ Ke7 27. Qh7+ Kd6 28. Bxc6 bxc6 29. e7 Ba6 30. Qg6+ Kc5 0-1

[Event "16th Deltalift Open 2019"]
[Site "Halmstad"]
[Date "2019.05.31"]
[Round "5.12"]
[White "Johnson, Daniel"]
[Black "Andersson, Lars"]
[Result "1-0"]
[ECO "E81"]
[WhiteElo "2233"]
[BlackElo "1997"]
[Annotator "RC"]
[PlyCount "85"]
[EventDate "2019.05.30"]
[EventType "swiss"]
[EventCountry "SWE"]
[SourceTitle "playchess.com"]
[Source "ChessBase"]
[SourceQuality "1"]
[TimeControl "40/5400+30:1800+30"]

1. d4 Nf6 2. c4 g6 3. Nc3 Bg7 4. e4 d6 5. f3 O-O 6. Nge2 c5 7. d5 e6 8. Ng3 exd5 9. cxd5 h5 10. Bg5 Qb6 11. Qd2 Nh7 12. Be3 h4 13. Nge2 Nd7 14. Nf4 Ne5 15. Be2 a6 16. O-O Qd8 17. a4 Qe7 18. Kh1 Bd7 19. a5 Rfb8 20. Ra2 Qe8 21. Nh3 Bb5 22. Nxb5 axb5 23. Rc1 Nc4 24. Bxc4 bxc4 25. Rxc4 b5 26. Rc1 b4 27. Bf4 Ra6 28. e5 dxe5 29. Be3 Bf8 30. Bxc5 Qb5 31. Bxf8 Nxf8 32. Ng5 Rxa5 33. Rxa5 Qxa5 34. Ne4 Nd7 35. h3 Rd8 36. d6 Kg7 37. Qg5 f6 38. Qxh4 Qd5 39. Rc7 Qe6 40. Qe1 f5 41. Nc5 Qxd6 42. Qh4 Rh8 43. Rxd7+ 1-0

[Event "16th Deltalift Open 2019"]
[Site "Halmstad"]
[Date "2019.05.31"]
[Round "5.13"]
[White "Ytterberg, Felix"]
[Black "Crevatin, Leo"]
[Result "0-1"]
[ECO "D31"]
[WhiteElo "2018"]
[BlackElo "2210"]
[Annotator "RC"]
[PlyCount "102"]
[EventDate "2019.05.30"]
[EventType "swiss"]
[EventCountry "SWE"]
[SourceTitle "playchess.com"]
[Source "ChessBase"]
[SourceQuality "1"]
[TimeControl "40/5400+30:1800+30"]

1. d4 d5 2. c4 e6 3. Nc3 a6 4. cxd5 exd5 5. Nf3 Nf6 6. Bg5 Be6 7. e3 Nbd7 8. Bd3 Bd6 9. Qc2 h6 10. Bh4 c6 11. Nd2 Qc7 12. Bg3 O-O 13. Bxd6 Qxd6 14. O-O Rfe8 15. h3 c5 16. Nf3 c4 17. Be2 b5 18. a3 g6 19. Nh4 Nf8 20. f4 Bd7 21. f5 g5 22. Nf3 Rxe3 23. Ne5 Qb6 24. Qd2 Rxe5 25. Kh1 Re7 26. h4 N8h7 27. Bf3 Qd6 28. Nxd5 Nxd5 29. f6 Re6 30. hxg5 hxg5 31. Bg4 Re4 32. Bxd7 Rh4+ 33. Bh3 Nf4 34. Rf3 Nxf6 35. Re1 Nxh3 36. gxh3 Qd5 37. Kh2 Rxd4 38. Qg2 Rd2 39. Re2 Rxe2 40. Qxe2 Re8 41. Qg2 Qd6+ 42. Kg1 Re1+ 43. Rf1 Rxf1+ 44. Qxf1 Qg3+ 45. Kh1 Ne4 46. Qg2 Nf2+ 47. Kg1 Nxh3+ 48. Kf1 Qxg2+ 49. Kxg2 g4 50. Kg3 f5 51. Kh4 a5 0-1

[Event "16th Deltalift Open 2019"]
[Site "Halmstad"]
[Date "2019.05.31"]
[Round "5.16"]
[White "Silseth, Simon"]
[Black "Stray, Gunnar"]
[Result "1-0"]
[ECO "B26"]
[WhiteElo "2268"]
[BlackElo "2005"]
[Annotator "RC"]
[PlyCount "59"]
[EventDate "2019.05.30"]
[EventType "swiss"]
[EventCountry "SWE"]
[SourceTitle "playchess.com"]
[Source "ChessBase"]
[SourceQuality "1"]
[TimeControl "40/5400+30:1800+30"]

1. e4 c5 2. Nc3 Nc6 3. g3 g6 4. Bg2 Bg7 5. d3 d6 6. Be3 Bd7 7. Nge2 Rb8 8. d4 cxd4 9. Nxd4 h5 10. Nxc6 bxc6 11. Bxa7 Rxb2 12. Bd4 e5 13. Be3 Be6 14. Qd3 Bf8 15. O-O Nh6 16. h3 Qc8 17. Rfb1 Rxb1+ 18. Rxb1 Be7 19. Qd2 Bf8 20. Ba7 Qa6 21. Rb8+ Bc8 22. Be3 Kd7 23. a4 f6 24. Bf1 Qa5 25. Bb6 Qb4 26. a5 Qa3 27. Nb5 Qa1 28. Rxc8 Kxc8 29. Nxd6+ Kb8 30. Ne8 1-0

[Event "16th Deltalift Open 2019"]
[Site "Halmstad"]
[Date "2019.05.31"]
[Round "5.23"]
[White "Ask, Josef"]
[Black "Hautajarvi, Jukka"]
[Result "1-0"]
[ECO "B00"]
[WhiteElo "2149"]
[BlackElo "2068"]
[Annotator "RC"]
[PlyCount "97"]
[EventDate "2019.05.30"]
[EventType "swiss"]
[EventCountry "SWE"]
[SourceTitle "playchess.com"]
[Source "ChessBase"]
[SourceQuality "1"]
[TimeControl "40/5400+30:1800+30"]

1. e4 d6 2. d3 Nf6 3. f4 e5 4. Nf3 Nc6 5. Be2 Be7 6. O-O h6 7. Nc3 Bg4 8. h3 Bxf3 9. Bxf3 Nd4 10. Be3 c5 11. Kh1 Rc8 12. g4 exf4 13. Bxf4 Ne6 14. Be3 Qd7 15. Bg2 Nf8 16. d4 cxd4 17. Bxd4 Ne6 18. Bxa7 h5 19. Kg1 hxg4 20. hxg4 Ng5 21. Rf5 Nh3+ 22. Kf1 g6 23. Rf3 Ng5 24. Rg3 b6 25. Bxb6 Rxc3 26. Rxc3 Qb5+ 27. Qd3 Qxb6 28. Rc8+ Bd8 29. a4 Nxg4 30. Qb5+ Qxb5+ 31. axb5 Rh2 32. Raa8 Ne6 33. b6 Ke7 34. b7 Ne3+ 35. Ke2 Bb6 36. b8=Q Rxg2+ 37. Kd3 Nf4+ 38. Kc3 Rxc2+ 39. Kb3 Rxc8 40. Qxc8 Ne6 41. Ka2 Ng4 42. Rb8 Bd4 43. Rb7+ Kf6 44. b4 Nf2 45. Qd7 Nxe4 46. Qxf7+ Ke5 47. Re7 N4g5 48. Qxg6 Kd5 49. Qf5+ 1-0

[Event "16th Deltalift Open 2019"]
[Site "Halmstad"]
[Date "2019.05.31"]
[Round "6.1"]
[White "Malmstig, Erik"]
[Black "Cramling, Pia"]
[Result "0-1"]
[ECO "B40"]
[WhiteElo "2352"]
[BlackElo "2454"]
[Annotator "ChessBase"]
[PlyCount "68"]
[EventDate "2019.05.30"]
[EventType "swiss"]
[EventCountry "SWE"]
[SourceTitle "playchess.com"]
[Source "ChessBase"]
[SourceQuality "1"]
[TimeControl "40/5400+30:1800+30"]

1. e4 c5 2. Nf3 e6 3. c3 d5 4. e5 d4 5. Bd3 Bd7 6. O-O Bc6 7. Na3 Ne7 8. cxd4 cxd4 9. Nc4 Ng6 10. Bxg6 hxg6 11. d3 Be7 12. Bf4 g5 13. Bg3 Qd5 14. Qe2 Nd7 15. Ne1 f5 16. exf6 gxf6 17. f4 gxf4 18. Rxf4 e5 19. Rg4 O-O-O 20. Nf3 Nb6 21. Rc1 Rhe8 22. Rg7 Nxc4 23. Rxc4 Bd6 24. Nh4 Kb8 25. Nf5 Ka8 26. h4 Bf8 27. Rc7 e4 28. R4xc6 bxc6 29. dxe4 d3 30. Qf2 Qc5 31. Ne3 d2 32. Nd1 Rxe4 33. Kh2 Qxf2 34. Bxf2 Bd6+ 0-1

[Event "16th Deltalift Open 2019"]
[Site "Halmstad"]
[Date "2019.05.31"]
[Round "6.4"]
[White "Hector, Jonny"]
[Black "Bellon Lopez, Juan Manuel"]
[Result "1-0"]
[ECO "B34"]
[WhiteElo "2488"]
[BlackElo "2345"]
[Annotator "ChessBase"]
[PlyCount "97"]
[EventDate "2019.05.30"]
[EventType "swiss"]
[EventCountry "SWE"]
[SourceTitle "playchess.com"]
[Source "ChessBase"]
[SourceQuality "1"]
[TimeControl "40/5400+30:1800+30"]

1. e4 c5 2. Nf3 Nc6 3. Nc3 g6 4. d4 cxd4 5. Nxd4 Bg7 6. Nb3 d6 7. Be2 Nf6 8. O-O O-O 9. Re1 a6 10. Bg5 b5 11. Bf1 h6 12. Bh4 e5 13. Qd3 g5 14. Bg3 Be6 15. Rad1 Nb4 16. Qd2 Nh5 17. a3 Nxg3 18. hxg3 Nc6 19. Qxd6 Qxd6 20. Rxd6 Rfc8 21. Nd5 Bf8 22. Rxe6 fxe6 23. Nb6 Nd4 24. Na1 Bc5 25. Nxa8 Rxa8 26. c3 Nc6 27. Rd1 Kf8 28. Nb3 Be7 29. Bd3 Bd8 30. Nc5 Ke7 31. Bb1 Bb6 32. Nd3 Kf6 33. Kf1 a5 34. Ke2 b4 35. Rh1 Kg7 36. Ba2 bxc3 37. bxc3 Nd8 38. Nxe5 Bc5 39. a4 Rb8 40. Nd3 Bd6 41. Rd1 Rb6 42. e5 Be7 43. f4 Nb7 44. Rd2 Nc5 45. Nxc5 Bxc5 46. Bc4 g4 47. Rd7+ Kf8 48. Bb5 Kg8 49. Rc7 1-0

[Event "16th Deltalift Open 2019"]
[Site "Halmstad"]
[Date "2019.05.31"]
[Round "6.5"]
[White "Jepson, Christian"]
[Black "Johnson, Daniel"]
[Result "1-0"]
[ECO "E06"]
[WhiteElo "2395"]
[BlackElo "2233"]
[Annotator "ChessBase"]
[PlyCount "101"]
[EventDate "2019.05.30"]
[EventType "swiss"]
[EventCountry "SWE"]
[SourceTitle "playchess.com"]
[Source "ChessBase"]
[SourceQuality "1"]
[TimeControl "40/5400+30:1800+30"]

1. d4 d5 2. c4 e6 3. Nf3 Nf6 4. g3 Be7 5. Bg2 O-O 6. O-O dxc4 7. Qc2 a6 8. a4 Bd7 9. Qxc4 Bc6 10. Bg5 Nbd7 11. Nc3 Rc8 12. Rfe1 Ne4 13. Bxe7 Qxe7 14. Qd3 Nxc3 15. bxc3 Bxf3 16. Qxf3 c6 17. Reb1 Rc7 18. a5 e5 19. e3 Rd8 20. Rb2 Rb8 21. Qe4 g6 22. h3 f5 23. Qf3 e4 24. Qf4 Nf6 25. c4 Nh5 26. Qh6 Rd8 27. Rb6 Qg7 28. Qxg7+ Kxg7 29. Rab1 Rdd7 30. g4 Nf6 31. gxf5 gxf5 32. Kh2 Rf7 33. Rg1 Kf8 34. Bf1 Rg7 35. Rg3 Rxg3 36. Kxg3 Nd7 37. Rb1 Ke7 38. f3 Ke6 39. fxe4 fxe4 40. h4 Nf6 41. Bh3+ Kd6 42. Kf4 Rf7 43. Kg5 Ne8 44. Bc8 Rf3 45. Rxb7 h6+ 46. Kg6 Rxe3 47. Rd7+ Ke6 48. d5+ cxd5 49. Rxd5+ Ke7 50. Rd7+ Ke6 51. Rd3+ 1-0

[Event "16th Deltalift Open 2019"]
[Site "Halmstad"]
[Date "2019.05.31"]
[Round "6.6"]
[White "Pantzar, Milton"]
[Black "Ziegler, Nathalie"]
[Result "1-0"]
[ECO "A05"]
[WhiteElo "2390"]
[BlackElo "1789"]
[Annotator "ChessBase"]
[PlyCount "121"]
[EventDate "2019.05.30"]
[EventType "swiss"]
[EventCountry "SWE"]
[SourceTitle "playchess.com"]
[Source "ChessBase"]
[SourceQuality "1"]
[TimeControl "40/5400+30:1800+30"]

1. Nf3 Nf6 2. e3 g6 3. b4 Bg7 4. Bb2 O-O 5. c4 d6 6. Be2 e5 7. d3 Nc6 8. b5 Ne7 9. O-O Bf5 10. Nc3 Nd7 11. Nd2 Nc5 12. Nb3 b6 13. Qc2 Rc8 14. Rfd1 Qd7 15. Nxc5 bxc5 16. Bf3 Bg4 17. Qe2 Bxf3 18. Qxf3 c6 19. a4 f5 20. Rab1 Rc7 21. Ba1 Qe6 22. bxc6 Nxc6 23. Nb5 Rcc8 24. Qd5 Rf6 25. Bc3 a5 26. Nxd6 Qxd5 27. cxd5 Rxd6 28. dxc6 Rdxc6 29. Bxa5 Ra6 30. Rb5 Rca8 31. Bc3 Rxa4 32. Rxc5 Ra3 33. g3 Bf8 34. Rc7 Bg7 35. Rb1 R3a7 36. Rc5 Re8 37. Rd5 Rc7 38. Ba5 Rf7 39. Rbb5 f4 40. gxf4 exf4 41. e4 f3 42. h3 Bh6 43. Bc3 Rc8 44. Be5 Be3 45. Rb8 Rxb8 46. Bxb8 Bb6 47. d4 Kg7 48. Kh2 Re7 49. Be5+ Kf7 50. Kg3 Bc7 51. Bxc7 Rxc7 52. Kxf3 Rc3+ 53. Kg2 Ke6 54. f3 Rd3 55. Kg3 h6 56. h4 Rd2 57. h5 g5 58. Rd8 Ke7 59. Rh8 Rxd4 60. Rxh6 Rd1 61. Rg6 1-0

[Event "16th Deltalift Open 2019"]
[Site "Halmstad"]
[Date "2019.05.31"]
[Round "6.7"]
[White "Crevatin, Leo"]
[Black "Olund, Joar"]
[Result "1/2-1/2"]
[ECO "E61"]
[WhiteElo "2210"]
[BlackElo "2328"]
[Annotator "ChessBase"]
[PlyCount "52"]
[EventDate "2019.05.30"]
[EventType "swiss"]
[EventCountry "SWE"]
[SourceTitle "playchess.com"]
[Source "ChessBase"]
[SourceQuality "1"]
[TimeControl "40/5400+30:1800+30"]

1. d4 Nf6 2. c4 g6 3. Nc3 Bg7 4. Nf3 O-O 5. Bg5 h6 6. Bh4 d6 7. e3 Bf5 8. h3 Ne4 9. Nxe4 Bxe4 10. Bd3 Bxd3 11. Qxd3 Nc6 12. O-O Qe8 13. d5 Ne5 14. Nxe5 Bxe5 15. f4 Bg7 16. e4 Rb8 17. Rab1 b5 18. b3 e6 19. dxe6 fxe6 20. cxb5 Qxb5 21. Qxb5 Rxb5 22. Rbc1 Rf7 23. Be1 Bd4+ 24. Bf2 Rb4 25. Rc4 Rxc4 26. bxc4 Bxf2+ 1/2-1/2

[Event "16th Deltalift Open 2019"]
[Site "Halmstad"]
[Date "2019.05.31"]
[Round "6.8"]
[White "Lindberg, Bengt"]
[Black "Ask, Josef"]
[Result "1-0"]
[ECO "C60"]
[WhiteElo "2382"]
[BlackElo "2149"]
[Annotator "ChessBase"]
[PlyCount "111"]
[EventDate "2019.05.30"]
[EventType "swiss"]
[EventCountry "SWE"]
[SourceTitle "playchess.com"]
[Source "ChessBase"]
[SourceQuality "1"]
[TimeControl "40/5400+30:1800+30"]

1. e4 e5 2. Nf3 Nc6 3. Bb5 g6 4. O-O Bg7 5. c3 d6 6. d4 Bd7 7. Re1 Nge7 8. Na3 O-O 9. h3 exd4 10. cxd4 d5 11. e5 Nf5 12. Bf1 Nh4 13. Nh2 f6 14. f4 Be6 15. Nc2 Qd7 16. Be3 fxe5 17. fxe5 h6 18. Ng4 g5 19. Bd3 Rf7 20. Bf2 Nf5 21. Qe2 Raf8 22. Rf1 Nce7 23. Rae1 Ng6 24. g3 Kh8 25. Kh2 Kg8 26. Bg1 Nge7 27. Rf3 h5 28. Nge3 h4 29. Nxf5 Nxf5 30. Bxf5 Rxf5 31. Rc3 hxg3+ 32. Rxg3 Rf4 33. Qh5 Rh4 34. Qxg5 Rxh3+ 35. Rxh3 Bxh3 36. Ne3 Be6 37. Re2 Rf3 38. Rf2 Qf7 39. Qd8+ Kh7 40. Qh4+ Kg8 41. Ng2 c5 42. Rxf3 Qxf3 43. Nf4 cxd4 44. Bxd4 Bg4 45. Qg5 Kh7 46. Bxa7 Qd1 47. Kg3 Qf3+ 48. Kh4 Bd7 49. e6 Bxe6 50. Qg6+ Kh8 51. Nxe6 Qh1+ 52. Kg3 Be5+ 53. Kf2 Qh4+ 54. Ke2 Qh2+ 55. Bf2 d4 56. Ng5 1-0

[Event "16th Deltalift Open 2019"]
[Site "Halmstad"]
[Date "2019.05.31"]
[Round "6.9"]
[White "Rydstrom, Tom"]
[Black "Goransson, Martin"]
[Result "1-0"]
[ECO "B23"]
[WhiteElo "2365"]
[BlackElo "2112"]
[Annotator "ChessBase"]
[PlyCount "81"]
[EventDate "2019.05.30"]
[EventType "swiss"]
[EventCountry "SWE"]
[SourceTitle "playchess.com"]
[Source "ChessBase"]
[SourceQuality "1"]
[TimeControl "40/5400+30:1800+30"]

1. e4 c5 2. Nc3 Nc6 3. Nge2 d6 4. d4 cxd4 5. Nxd4 e5 6. Nf5 g6 7. Ne3 Be6 8. Ned5 a6 9. a4 Rc8 10. Bd3 Bg7 11. O-O h6 12. Be3 Nf6 13. Qd2 Nd4 14. a5 Ng4 15. h3 Nxe3 16. fxe3 Nc6 17. Nb6 Rb8 18. Ncd5 O-O 19. b4 Qg5 20. Kh1 f5 21. c4 f4 22. b5 fxe3 23. Qxe3 Qxe3 24. Nxe3 Nd4 25. Ra3 h5 26. Ned5 Bxd5 27. Nxd5 Rxf1+ 28. Bxf1 Rf8 29. Kg1 Ne6 30. bxa6 bxa6 31. Rb3 Nc5 32. Rb6 Nxe4 33. Bd3 Ng3 34. Ne7+ Kh7 35. Nxg6 Re8 36. Nxe5+ Kg8 37. Nf3 h4 38. Rxd6 Be5 39. Rg6+ Kf8 40. Rh6 Bd4+ 41. Nxd4 1-0

[Event "16th Deltalift Open 2019"]
[Site "Halmstad"]
[Date "2019.05.31"]
[Round "6.10"]
[White "Kucuksari, Kaan"]
[Black "Harren, Mats"]
[Result "1-0"]
[ECO "A61"]
[WhiteElo "2320"]
[BlackElo "2139"]
[Annotator "ChessBase"]
[PlyCount "96"]
[EventDate "2019.05.30"]
[EventType "swiss"]
[EventCountry "SWE"]
[SourceTitle "playchess.com"]
[Source "ChessBase"]
[SourceQuality "1"]
[TimeControl "40/5400+30:1800+30"]

1. d4 Nf6 2. c4 c5 3. d5 e6 4. Nc3 exd5 5. cxd5 d6 6. Nf3 g6 7. Bf4 a6 8. a4 Bg7 9. h3 O-O 10. e3 Ne8 11. Be2 b6 12. O-O Nd7 13. Nd2 Ne5 14. Bg3 f5 15. Qb3 Rb8 16. f4 Nf7 17. Rae1 Bb7 18. e4 Nc7 19. Bf3 fxe4 20. Ndxe4 b5 21. Rd1 bxa4 22. Qxa4 Bc8 23. Rd2 Nb5 24. Ne2 Bd7 25. Qd1 Bf5 26. Qe1 Bxe4 27. Bxe4 Re8 28. Qb1 Qf6 29. f5 g5 30. Bf2 Na3 31. Qd3 Rxb2 32. Rxb2 Qxb2 33. f6 Bxf6 34. Bxh7+ Kf8 35. Ng3 Bd4 36. Qg6 Bxf2+ 37. Rxf2 Qb1+ 38. Qxb1 Nxb1 39. Bxb1 Kg7 40. Nh5+ Kf8 41. Bg6 Re7 42. Ng3 Re1+ 43. Kh2 Re7 44. Ne4 Kg7 45. Rxf7+ Rxf7 46. Bxf7 Kxf7 47. Nxd6+ Ke7 48. Nc4 a5 1-0

[Event "16th Deltalift Open 2019"]
[Site "Halmstad"]
[Date "2019.05.31"]
[Round "6.11"]
[White "Troberg Eskola, Love"]
[Black "Ziegler, Ari"]
[Result "0-1"]
[ECO "B51"]
[WhiteElo "2134"]
[BlackElo "2300"]
[Annotator "ChessBase"]
[PlyCount "106"]
[EventDate "2019.05.30"]
[EventType "swiss"]
[EventCountry "SWE"]
[SourceTitle "playchess.com"]
[Source "ChessBase"]
[SourceQuality "1"]
[TimeControl "40/5400+30:1800+30"]

1. e4 c5 2. Nf3 d6 3. Bb5+ Nc6 4. Bxc6+ bxc6 5. d3 e5 6. O-O Nf6 7. h3 Be7 8. Nbd2 g5 9. Nxg5 Rg8 10. h4 h6 11. Ngf3 Bg4 12. g3 Bh3 13. Re1 Ng4 14. Nf1 Qd7 15. Rb1 O-O-O 16. c4 f5 17. Qa4 Bxf1 18. Rxf1 Kb8 19. b4 cxb4 20. Rxb4+ Ka8 21. exf5 Rc8 22. Qa6 Rc7 23. Nh2 Nxh2 24. Kxh2 Qxf5 25. Be3 c5 26. Rb3 Qf3 27. Rg1 h5 28. Qa5 Qc6 29. Rgb1 Bxh4 30. Qb5 Qxb5 31. Rxb5 Bf6 32. f3 Rcg7 33. Bf2 Bg5 34. Kh3 Rf7 35. Kg2 Rgf8 36. Be1 Rxf3 37. Rb8+ Rxb8 38. Rxb8+ Kxb8 39. Kxf3 Kc7 40. Ke4 Kc6 41. Kf5 Bc1 42. Kg6 d5 43. cxd5+ Kxd5 44. Bf2 Ba3 45. Kxh5 e4 46. dxe4+ Kxe4 47. Be1 Kd3 48. g4 c4 49. g5 c3 50. Bxc3 Kxc3 51. Kg6 Kb2 52. Kf7 Kxa2 53. g6 Bb2 0-1

[Event "16th Deltalift Open 2019"]
[Site "Halmstad"]
[Date "2019.05.31"]
[Round "6.12"]
[White "Lindgren, Fredrik"]
[Black "Holm, Ragnar"]
[Result "1/2-1/2"]
[ECO "D02"]
[WhiteElo "2278"]
[BlackElo "2124"]
[Annotator "ChessBase"]
[PlyCount "82"]
[EventDate "2019.05.30"]
[EventType "swiss"]
[EventCountry "SWE"]
[SourceTitle "playchess.com"]
[Source "ChessBase"]
[SourceQuality "1"]
[TimeControl "40/5400+30:1800+30"]

1. d4 d5 2. Nf3 Nf6 3. c4 e6 4. g3 c5 5. Bg2 Nc6 6. O-O cxd4 7. Nxd4 Be7 8. cxd5 exd5 9. Nc3 O-O 10. b3 Re8 11. Bb2 Bg4 12. h3 Be6 13. Rc1 Qd7 14. Kh2 Rac8 15. Na4 b6 16. e3 Ne4 17. Nxc6 Rxc6 18. Rxc6 Qxc6 19. Qa1 f6 20. Rc1 Qd7 21. Rc2 h5 22. h4 Rc8 23. Qd1 Rxc2 24. Qxc2 Bf5 25. Qe2 g6 26. Nc3 Nxc3 27. Bxc3 Qc6 28. Qd2 Be4 29. Bxe4 dxe4 30. Qd4 Kf7 31. b4 a6 32. a3 b5 33. Kg2 Qe6 34. Bb2 Qb3 35. Kg1 Qe6 36. Kg2 Qb3 37. Kg1 Qe6 38. Kh2 Qb3 39. Kg2 Qe6 40. f3 exf3+ 41. Kxf3 Qf5+ {[%emt 0:30:50] Ke4} 1/2-1/2

[Event "16th Deltalift Open 2019"]
[Site "Halmstad"]
[Date "2019.05.31"]
[Round "6.13"]
[White "Svensson, Mikael"]
[Black "Silseth, Simon"]
[Result "0-1"]
[ECO "D02"]
[WhiteElo "2125"]
[BlackElo "2268"]
[Annotator "ChessBase"]
[PlyCount "74"]
[EventDate "2019.05.30"]
[EventType "swiss"]
[EventCountry "SWE"]
[SourceTitle "playchess.com"]
[Source "ChessBase"]
[SourceQuality "1"]
[TimeControl "40/5400+30:1800+30"]

1. d4 d5 2. Nf3 Nf6 3. c4 e6 4. cxd5 exd5 5. Bg5 c6 6. Nc3 Be7 7. e3 Bf5 8. Bd3 Bxd3 9. Qxd3 Nbd7 10. O-O O-O 11. Rab1 Ne4 12. Bxe7 Qxe7 13. b4 b5 14. Nd2 Nxd2 15. Qxd2 Nb6 16. Ne2 Nc4 17. Qc3 a5 18. Nc1 axb4 19. Qxb4 Qxb4 20. Rxb4 f5 21. Re1 Rfe8 22. g3 g5 23. Re2 f4 24. gxf4 gxf4 25. exf4 Rxe2 26. Nxe2 Rxa2 27. Kf1 Nd2+ 28. Kg2 Rc2 29. Ng3 Kf7 30. h4 Kf6 31. Kh3 Rc4 32. Rb2 Rxd4 33. Kg4 Nc4 34. Re2 b4 35. Nh5+ Kf7 36. Kg5 b3 37. f5 Re4 0-1

[Event "16th Deltalift Open 2019"]
[Site "Halmstad"]
[Date "2019.05.31"]
[Round "6.14"]
[White "Carlstrom, Niklas"]
[Black "Sjoberg, Isak"]
[Result "1-0"]
[ECO "C47"]
[WhiteElo "2065"]
[BlackElo "2208"]
[Annotator "ChessBase"]
[PlyCount "47"]
[EventDate "2019.05.30"]
[EventType "swiss"]
[EventCountry "SWE"]
[SourceTitle "playchess.com"]
[Source "ChessBase"]
[SourceQuality "1"]
[TimeControl "40/5400+30:1800+30"]

1. e4 e5 2. Nf3 Nc6 3. Nc3 Nf6 4. a3 d5 5. Bb5 Nxe4 6. Nxe5 Qg5 7. Nxc6 Qxg2 8. Rf1 a6 9. Nxd5 axb5 10. Nxc7+ Kd7 11. Nxa8 Kxc6 12. Qe2 Bc5 13. d4 Bxd4 14. a4 Nd6 15. axb5+ Kd7 16. c3 Bc5 17. Be3 Re8 18. b4 Bxe3 19. fxe3 Qh3 20. O-O-O Rxe3 21. Qd2 Rxc3+ 22. Kb2 Rb3+ 23. Kc2 Ke8 24. Nc7+ 1-0

[Event "16th Deltalift Open 2019"]
[Site "Halmstad"]
[Date "2019.05.31"]
[Round "6.15"]
[White "Nilsson, Eskil"]
[Black "Holst, Conny"]
[Result "0-1"]
[ECO "B51"]
[WhiteElo "1991"]
[BlackElo "2197"]
[Annotator "ChessBase"]
[PlyCount "154"]
[EventDate "2019.05.30"]
[EventType "swiss"]
[EventCountry "SWE"]
[SourceTitle "playchess.com"]
[Source "ChessBase"]
[SourceQuality "1"]
[TimeControl "40/5400+30:1800+30"]

1. e4 c5 2. Nf3 d6 3. Bb5+ Nc6 4. O-O e5 5. c3 f5 6. exf5 Bxf5 7. d4 e4 8. Re1 Be7 9. d5 a6 10. dxc6 axb5 11. cxb7 Rb8 12. Qd5 Bg6 13. Ng5 Nf6 14. Qb3 Qd7 15. a4 h6 16. Nh3 bxa4 17. Qxa4 Qxa4 18. Rxa4 Rxb7 19. Ra8+ Bd8 20. Bf4 Rd7 21. Nd2 O-O 22. Nc4 Be7 23. Ra6 Rfd8 24. Rd1 Bf5 25. f3 exf3 26. Ne3 Bxh3 27. gxh3 Nh5 28. Bg3 Nxg3 29. hxg3 d5 30. Nf5 Bf8 31. Rd3 Rb8 32. b4 cxb4 33. cxb4 Bxb4 34. Rxf3 Bc5+ 35. Kf1 Rdb7 36. Ra2 Rb1+ 37. Ke2 Rh1 38. Rd2 Rh2+ 39. Kd1 Rxh3 40. Kc2 Rd8 41. Kd3 Ra8 42. Rc2 Ra3+ 43. Rc3 Rxc3+ 44. Kxc3 g6 45. Nh4 Kg7 46. Kd3 Be7 47. Ng2 Bd6 48. Kd4 Rxg3 49. Rxg3 Bxg3 50. Kxd5 Kf6 51. Ke4 Kg5 52. Kf3 Bb8 53. Ne3 Kh4 54. Kg2 Ba7 55. Nd5 g5 56. Nf6 h5 57. Nd7 Bd4 58. Nf8 g4 59. Ne6 Be5 60. Nc5 Kg5 61. Nd3 Kf5 62. Nf2 Bd4 63. Nd3 Ke4 64. Nc1 Be3 65. Ne2 h4 66. Nc3+ Kf5 67. Nd5 Bc5 68. Nc3 h3+ 69. Kh2 Bd6+ 70. Kg1 g3 71. Ne2 Bc5+ 72. Kh1 g2+ 73. Kh2 Kg4 74. Nd4 Bd6+ 75. Kg1 Kf4 76. Ne2+ Ke4 77. Ng3+ Kd3 0-1

[Event "16th Deltalift Open 2019"]
[Site "Halmstad"]
[Date "2019.05.31"]
[Round "6.16"]
[White "Falkevall, Axel"]
[Black "Blomstrom, Lars"]
[Result "1/2-1/2"]
[ECO "C95"]
[WhiteElo "1960"]
[BlackElo "2153"]
[Annotator "ChessBase"]
[PlyCount "76"]
[EventDate "2019.05.30"]
[EventType "swiss"]
[EventCountry "SWE"]
[SourceTitle "playchess.com"]
[Source "ChessBase"]
[SourceQuality "1"]
[TimeControl "40/5400+30:1800+30"]

1. e4 e5 2. Nf3 Nc6 3. Bb5 a6 4. Ba4 Nf6 5. O-O Be7 6. Re1 b5 7. Bb3 d6 8. c3 O-O 9. h3 Nb8 10. d4 Nbd7 11. Nbd2 Bb7 12. Bc2 Re8 13. Nf1 Bf8 14. Ng3 g6 15. a4 c5 16. Bd3 c4 17. Bc2 Qc7 18. Bd2 Bg7 19. Qc1 Nf8 20. d5 Kh8 21. Bh6 Bxh6 22. Qxh6 Ng8 23. Qd2 Reb8 24. Nh2 f6 25. f4 Qe7 26. Rf1 Nd7 27. Nf3 Bc8 28. a5 exf4 29. Qxf4 Ne5 30. Ne2 Bd7 31. Ned4 Re8 32. Qd2 Rac8 33. Rf2 Kg7 34. Ne2 Nxf3+ 35. Rxf3 Qe5 36. Nd4 Rf8 37. Raf1 Rce8 38. R3f2 Rc8 1/2-1/2